[Event "Early-Titled-Tuesday-Blitz-February-20-2024"]
[Site "Chess.com"]
[Date "2024.02.20"]
[Round "9"]
[White "NovozhilovSemen"]
[Black "Rozhkov_V"]
[Result "0-1"]
[WhiteElo "2631"]
[BlackElo "2438"]
[TimeControl "180+1"]
[EndTime "9:44:07 PST"]
[Termination "Rozhkov_V won by checkmate"]

1. d4 d5 2. c4 dxc4 3. e3 e5 4. Bxc4 Nc6 5. Nf3 e4 6. Nfd2 Qg5 7. Nxe4 Qxg2 8. Ng3 Qh3 9. Nc3 Nf6 10. Qb3 Bd6 11.
Bxf7+ Kd8 12. Bd2 Bg4 13. Qxb7 Qg2 14. Qxa8+ Ke7 15. Bd5 Nxd5 16. Qxc6 Bxg3 17. Qxd5 Qxf2# 0-1

[Event "Early-Titled-Tuesday-Blitz-February-20-2024"]
[Site "Chess.com"]
[Date "2024.02.20"]
[Round "9"]
[White "ClaudiaSof"]
[Black "Actuary44"]
[Result "0-1"]
[WhiteElo "2335"]
[BlackElo "2511"]
[TimeControl "180+1"]
[EndTime "9:44:12 PST"]
[Termination "Actuary44 won by checkmate"]

1. d4 Nf6 2. Bf4 d6 3. Nc3 g6 4. e4 Bg7 5. Qd2 O-O 6. O-O-O Nbd7 7. Bh6 c5 8. d5 a6 9. f3 b5 10. h4 b4 11. Nce2 Qa5 12. Kb1 c4 13. Bxg7 Kxg7 14. h5 c3 15. Qe3 cxb2 16. hxg6 fxg6 17. Qh6+ Kg8 18. Nh3 Ne5 19. Nef4 Nf7 20. Qh4 Bxh3 21. Qxh3 Rfc8 22. Bd3 b3 23. axb3 Qa1# 0-1

[Event "Early-Titled-Tuesday-Blitz-February-20-2024"]
[Site "Chess.com"]
[Date "2024.02.20"]
[Round "9"]
[White "lluiss"]
[Black "HittingRookBottom"]
[Result "1-0"]
[WhiteElo "2165"]
[BlackElo "2007"]
[TimeControl "180+1"]
[EndTime "9:44:17 PST"]
[Termination "lluiss won by resignation"]

1. Nf3 d5 2. d4 Nc6 3. c4 e6 4. g3 Nf6 5. Bg2 Bb4+ 6. Bd2 Bxd2+ 7. Nbxd2 O-O 8. O-O h6 9. e3 Na5 10. Qa4 Nxc4 11. Nxc4 dxc4 12. Qxc4 Bd7 13. Ne5 c6 14. Rfc1 Be8 15. Rc3 Nd7 16. Qb3 Nxe5 17. dxe5 Rb8 18.
Rd1 Qc7 19. Rd6 Bd7 20. Rcd3 Rfd8 21. Qd1 1-0

[Event "Early-Titled-Tuesday-Blitz-February-20-2024"]
[Site "Chess.com"]
[Date "2024.02.20"]
[Round "9"]
[White "masnyszachistaaa"]
[Black "ploxoi"]
[Result "1-0"]
[WhiteElo "2573"]
[BlackElo "2450"]
[TimeControl "180+1"]
[EndTime "9:44:22 PST"]
[Termination "masnyszachistaaa won by resignation"]

1. Nf3 d5 2. c4 c6 3. d4 e6 4. g3 Nf6 5. Bg2 Nbd7 6. O-O Be7 7. Nbd2 O-O 8. Qc2 b6 9. e4 Bb7 10. Rd1 Rc8 11. b3 Qc7 12. Bb2 Rfd8 13. Rac1 Qb8 14. Qb1 dxe4 15. Nxe4 c5 16. Nxf6+ Nxf6 17. dxc5 Bxc5 18.
Bxf6 gxf6 19. Qb2 Kg7 20. Qc3 a5 21. Nh4 Bxg2 22. Nxg2 Qe5 23. Qf3 Qb2 24. Nf4 f5 25.
Nh5+ Kh8 26. Qf4 Rd4 27. Qe5+ 1-0

[Event "Early-Titled-Tuesday-Blitz-February-20-2024"]
[Site "Chess.com"]
[Date "2024.02.20"]
[Round "9"]
[White "dianamirza"]
[Black "AnaKuchava"]
[Result "0-1"]
[WhiteElo "1990"]
[BlackElo "2214"]
[TimeControl "180+1"]
[EndTime "9:44:26 PST"]
[Termination "AnaKuchava won by resignation"]

1. d4 d5 2. Nf3 Nf6 3. e3 Bf5 4.
Bd3 Bxd3 5. Qxd3 c6 6. O-O e6 7.
c4 Be7 8. Nc3 O-O 9. Ne5 Nbd7 10. f4 dxc4 11. Nxc4 c5 12. dxc5 Nxc5 13. Qxd8 Rfxd8 14. b4 Nd3 15. a3 Rac8 16. Nb5 Rxc4 17. Nxa7 Ne4 18. Nb5 Bf6 19. Rb1 Rdc8 20. Bd2 Nxd2 21.
Nd6 Nxb1 22. Nxc8 Rxc8 23. Rxb1 Rc1+ 24. Rxc1 Nxc1 25. Kf2 Bb2 0-1

[Event "Early-Titled-Tuesday-Blitz-February-20-2024"]
[Site "Chess.com"]
[Date "2024.02.20"]
[Round "9"]
[White "AlexTruskavetsky"]
[Black "ChainedDowntohell"]
[Result "1-0"]
[WhiteElo "2718"]
[BlackElo "2556"]
[TimeControl "180+1"]
[EndTime "9:44:32 PST"]
[Termination "AlexTruskavetsky won by resignation"]

1. d4 Nf6 2. c4 e6 3. Nc3 Bb4 4.
e3 O-O 5. a3 Bxc3+ 6. bxc3 d5 7. cxd5 exd5 8. Bd3 b6 9. Ne2 c5 10. O-O Ba6 11. f3 Re8 12. Ng3 h5 13. Bxa6 Nxa6 14.
Qd3 Nc7 15. e4 h4 16. Nf5 dxe4 17. fxe4 cxd4 18. Bg5 dxc3 19. Qxc3 Nb5 20. Qb2 Rxe4 21. Nxg7 Qd4+ 22. Qxd4 Nxd4 23. Bxf6 Rc8 24. Bxd4 Rxd4 25. Nf5 Rd2 26. Ne7+ 1-0

[Event "Early-Titled-Tuesday-Blitz-February-20-2024"]
[Site "Chess.com"]
[Date "2024.02.20"]
[Round "9"]
[White "Arystanner"]
[Black "SaiAgni_98"]
[Result "1-0"]
[WhiteElo "2757"]
[BlackElo "2570"]
[TimeControl "180+1"]
[EndTime "9:44:41 PST"]
[Termination "Arystanner won by resignation"]

1. e4 d6 2. d4 Nf6 3. Nc3 Nbd7 4.
Nf3 e5 5. Bc4 Be7 6. O-O O-O 7.
Re1 c6 8. h3 b5 9. b4 bxc4 10.
Be3 Qc7 11. a4 Re8 12. Rb1 Rb8 13. Qe2 d5 14. exd5 Nxd5 15. Qxc4 Nxe3 16. Rxe3 Nb6 17.
Qe2 exd4 18. Nxd4 Be6 19. Nxe6 fxe6 20. Rxe6 Bf8 21. Rxe8 Rxe8 22. Qxe8 Qf4 23. Qxc6 Nc4 24. Nd5 Qh4 25. Qe6+ Kh8 26. Qf7 Qd8 27. Nf4 Nd6 28.
Qd5 Qf6 29. Ne6 Nf5 30. Qa8 Kg8 31. Qxf8+ Qxf8 32. Nxf8 Kxf8 33. a5 Nd4 34. b5 Ke7 35. b6 axb6 36. a6 Nc6 37. Rxb6 1-0

[Event "Early-Titled-Tuesday-Blitz-February-20-2024"]
[Site "Chess.com"]
[Date "2024.02.20"]
[Round "9"]
[White "Nikolakis2014"]
[Black "Dixit_Nikhil"]
[Result "1-0"]
[WhiteElo "2748"]
[BlackElo "2598"]
[TimeControl "180+1"]
[EndTime "9:44:51 PST"]
[Termination "Nikolakis2014 won by resignation"]

1. Nf3 Nf6 2. c4 g6 3. Nc3 Bg7 4. d4 O-O 5. e4 d6 6. Be2 e5 7. Be3 exd4 8. Nxd4 Re8 9. f3 c6 10. Bf2 d5 11. exd5 cxd5 12. O-O Nc6 13. c5 Nh5 14.
Qd2 Be5 15. Rfe1 Nf4 16. Kh1 Qg5 17. Bf1 Qh5 18. Rxe5 Qxe5 19. Nxc6 bxc6 20. Re1 Qxe1 21. Bxe1 Bd7 22. Bf2 Ne6 23. b4 Reb8 24. a3 a5 25. b5 cxb5 26. Nxd5 1-0

[Event "Early-Titled-Tuesday-Blitz-February-20-2024"]
[Site "Chess.com"]
[Date "2024.02.20"]
[Round "9"]
[White "dosto07"]
[Black "DKmirl"]
[Result "1-0"]
[WhiteElo "2498"]
[BlackElo "2322"]
[TimeControl "180+1"]
[EndTime "9:44:52 PST"]
[Termination "dosto07 won by checkmate"]

1. e4 c5 2. Nf3 Nc6 3. Bb5 g6 4. Bxc6 bxc6 5. O-O Bg7 6. Re1 Nh6 7. c3 O-O 8. d4 cxd4 9. cxd4 f6 10. Nc3 d5 11. e5 Nf7 12. exf6 exf6 13. Bf4 Nd6 14. Rc1 Bf5 15. Bxd6 Qxd6 16. Na4 Bh6 17. Rc3 Rfe8 18.
Nc5 Rab8 19. b3 Bf4 20. h3 g5 21. Nd3 Be4 22. Nxf4 Qxf4 23. Rce3 f5 24. Nxg5 Kh8 25.
Rg3 Qd6 26. Nf7# 1-0

[Event "Early-Titled-Tuesday-Blitz-February-20-2024"]
[Site "Chess.com"]
[Date "2024.02.20"]
[Round "9"]
[White "romulocardoso"]
[Black "GMT4114"]
[Result "1-0"]
[WhiteElo "2338"]
[BlackElo "2039"]
[TimeControl "180+1"]
[EndTime "9:44:53 PST"]
[Termination "romulocardoso won by resignation"]

1. e4 e6 2. d4 d5 3. exd5 exd5 4. Nf3 Nf6 5. Bd3 c5 6. h3 c4 7. Be2 Bd6 8. O-O O-O 9. b3 cxb3 10. axb3 Nc6 11. Bg5 h6 12. Bh4 Re8 13. Nc3 Be6 14. Re1 Rc8 15. Bb5 g5 16. Bg3 Bxg3 17. fxg3 Qd6 18.
Kh2 a6 19. Bxc6 Rxc6 20. Na4 Ne4 21. Ne5 f6 22. Nxc6 Qxg3+ 23. Kg1 Qf2+ 24. Kh1 Bxh3 25. Qf3 Qg3 26. Rxe4 Qxf3 27. Rxe8+ Kf7 28. gxf3 bxc6 29. Rae1 1-0

[Event "Early-Titled-Tuesday-Blitz-February-20-2024"]
[Site "Chess.com"]
[Date "2024.02.20"]
[Round "9"]
[White "Chessbard1972"]
[Black "Agentxya"]
[Result "0-1"]
[WhiteElo "2448"]
[BlackElo "2276"]
[TimeControl "180+1"]
[EndTime "9:44:55 PST"]
[Termination "Agentxya won by resignation"]

1. d4 d5 2. c4 c6 3. Nf3 Nf6 4. Nc3 e6 5. e3 Nbd7 6. Qc2 Bd6 7. g4 Nxg4 8. Rg1 Qf6 9. Be2 Nxh2 10. Nxh2 Bxh2 11.
Rg2 Bd6 12. Bd2 g6 13. O-O-O dxc4 14. Ne4 Qe7 15. Nxd6+ Qxd6 16. Bxc4 Nb6 17. Bb3 Bd7 18. a4 O-O-O 19. a5 Nd5 20. Qc4 Qc7 21. Kb1 Kb8 22. e4 Nf4 23. Rg4 Nh5 24. Rh1 Ka8 25. e5 c5 26. f4 Bc6 27. Rc1 Rxd4 28. Qxc5 Rxd2 29. a6 Qb6 30. axb7+ Bxb7 31. Qc3 Rdd8 32. Rg2 Bxg2 0-1

[Event "Early-Titled-Tuesday-Blitz-February-20-2024"]
[Site "Chess.com"]
[Date "2024.02.20"]
[Round "9"]
[White "AsaHoffmann"]
[Black "DeArron_Fox"]
[Result "1-0"]
[WhiteElo "2379"]
[BlackElo "2511"]
[TimeControl "180+1"]
[EndTime "9:44:56 PST"]
[Termination "AsaHoffmann won by resignation"]

1. d4 d5 2. Bg5 c5 3. dxc5 h6 4. Bh4 Qa5+ 5. Nc3 e6 6. e4 dxe4 7.
b4 Qc7 8. Nb5 Qd7 9. Qxd7+ Kxd7 10. O-O-O+ Kc6 11. Nd4+ Kc7 12. Bg3+ Kd7 13. Bb5+ Ke7 14.
Bd6+ Kf6 15. Bxf8 a6 16. Bc4 Ne7 17. Bxe7+ Kxe7 18. f3 exf3 19. Ngxf3 Nd7 20. Rhe1 a5 21. a3 axb4 22. axb4 Ra4 23. c3 g6 24. Kb2 g5 25.
Nb5 Nf6 26. Nd6 g4 27. Ne5 h5 28. Nexf7 1-0

[Event "Early-Titled-Tuesday-Blitz-February-20-2024"]
[Site "Chess.com"]
[Date "2024.02.20"]
[Round "9"]
[White "DonkyDonkyDonkey"]
[Black "TimAina"]
[Result "1-0"]
[WhiteElo "2916"]
[BlackElo "2788"]
[TimeControl "180+1"]
[EndTime "9:45:10 PST"]
[Termination "DonkyDonkyDonkey won by resignation"]

1. d4 Nf6 2. Nc3 d5 3. Bf4 g6 4. Nb5 Na6 5. e3 Bg7 6. Nc3 Nb8 7. Nb5 Na6 8. Nc3 O-O 9. Bxa6 bxa6 10. Nf3 c5 11.
O-O Ne4 12. Nxe4 dxe4 13. Ne5 f6 14. Nc6 Qd7 15. d5 e5 16. Bg3 Bb7 17. Na5 Bxd5 18. c4 Be6 19. Qxd7 Bxd7 20. Rfd1 Be6 21. Rd6 Rfe8 22. Rxa6 f5 23. Rd1 g5 24. f3 f4 25.
Bf2 exf3 26. gxf3 Bf8 27. b3 Bc8 28. Rc6 Bb7 29. Nxb7 e4 30. Nd6 Re6 31. Rd5 exf3 32. Rxg5+ Bg7 33. exf4 h6 34. Rg3 Rd8 35. Rc7 Rexd6 36.
Rgxg7+ Kf8 37. Bxc5 1-0

[Event "Early-Titled-Tuesday-Blitz-February-20-2024"]
[Site "Chess.com"]
[Date "2024.02.20"]
[Round "9"]
[White "Capablanca_Oujda_2021"]
[Black "pauliukevicius"]
[Result "1/2-1/2"]
[WhiteElo "2523"]
[BlackElo "2364"]
[TimeControl "180+1"]
[EndTime "9:45:12 PST"]
[Termination "Game drawn by repetition"]

1. b3 c5 2. Bb2 d5 3. g3 Nc6 4. Bg2 e5 5. e3 Nf6 6. Ne2 d4 7. O-O Be6 8. exd4 exd4 9. d3 Be7 10.
Nd2 O-O 11. Nf4 Rc8 12. Nxe6 fxe6 13. a4 Qd7 14. Nc4 Nd5 15. Re1 Bf6 16. Qh5 g6 17.
Qg4 Rfe8 18. Re2 Nc3 19. Bxc3 dxc3 20. Rae1 Nd4 21. Re4 Nxc2 22. Rxe6 Nxe1 23. Rxe8+ Qxe8 24. Nd6 c2 25. Bd5+ Kg7 26. Nxe8+ Rxe8 27. Qd7+ Re7 28. Qc8 c1=Q 29. Qg8+ Kh6 30. Qf8+ Rg7 31. Qxf6 Nf3+ 32. Kg2 Qg1+ 33. Kxf3 Qh1+ 34. Kg4 Qxd5 35. Qf4+ g5 36. Qf6+ Rg6 37. Qf8+ Rg7 38. Qf6+ Rg6 39. Qf8+ Rg7 40.
Qf6+ 1/2-1/2

[Event "Early-Titled-Tuesday-Blitz-February-20-2024"]
[Site "Chess.com"]
[Date "2024.02.20"]
[Round "9"]
[White "NM_Antelacus"]
[Black "Muracle"]
[Result "0-1"]
[WhiteElo "2253"]
[BlackElo "2467"]
[TimeControl "180+1"]
[EndTime "9:45:13 PST"]
[Termination "Muracle won by resignation"]

1. e4 c6 2. d4 d5 3. e5 Bf5 4. Nc3 h6 5. g4 Bh7 6. Nge2 e6 7. h4 c5 8. Be3 Nc6 9. f4 Qb6 10. Rb1 Nb4 11. Rc1 Rc8 12. Qd2 Nc6 13.
Rb1 cxd4 14. Nxd4 Bc5 15. Nce2 Nge7 16. Bg2 Bb4 17. c3 Bxb1 18. cxb4 Qxb4 19. Nc3 Bh7 20. O-O Nxd4 21. Bxd4 Nc6 22. Bf2 O-O 23. a3 Qc4 24. Re1 Qd3 25. Qxd3 Bxd3 26. Bc5 Rfd8 27. Bd6 Nd4 28.
Rd1 Ne2+ 29. Kh2 Nxc3 30. Rxd3 Nb5 31. Be7 Rd7 32. Bb4 Rc2 33. b3 Rdc7 34. f5 Ra2 35. a4 Rcc2 36. Rg3 Nd4 37. fxe6 fxe6 38. Kh3 Ne2 39. Rf3 Ng1+ 40. Kg3 Rxg2+ 0-1

[Event "Early-Titled-Tuesday-Blitz-February-20-2024"]
[Site "Chess.com"]
[Date "2024.02.20"]
[Round "9"]
[White "AttilaTurzo"]
[Black "ShieldingOff"]
[Result "0-1"]
[WhiteElo "2476"]
[BlackElo "2338"]
[TimeControl "180+1"]
[EndTime "9:45:18 PST"]
[Termination "ShieldingOff won by resignation"]

1. d4 c5 2. d5 e5 3. Nc3 d6 4. e4 Be7 5. Nf3 a6 6. a4 Bg4 7. Be2 Bxf3 8. Bxf3 Bg5 9. O-O Bxc1 10.
Qxc1 Ne7 11. Bh5 O-O 12. f4 Nd7 13. f5 Nf6 14. Bf3 Rb8 15. a5 b5 16. axb6 Qxb6 17. Ra2 c4+ 18. Kh1 g6 19. g4 Kh8 20. g5 Nfxd5 21. Nxd5 Nxd5 22. exd5 gxf5 23. Bg2 f4 24. c3 Rg8 25. h4 f6 26. gxf6 Rbf8 27. Bf3 Rg3 28. Rg1 Rxf3 29. Kh2 Qf2+ 30. Rg2 Qxh4+ 31. Kg1 Rh3 0-1

[Event "Early-Titled-Tuesday-Blitz-February-20-2024"]
[Site "Chess.com"]
[Date "2024.02.20"]
[Round "9"]
[White "Chessdude1987"]
[Black "mishanick"]
[Result "0-1"]
[WhiteElo "2349"]
[BlackElo "3018"]
[TimeControl "180+1"]
[EndTime "9:45:21 PST"]
[Termination "mishanick won on time"]

1. e4 c5 2. Nf3 d6 3. Bb5+ Bd7 4. Bxd7+ Nxd7 5. d4 cxd4 6. Qxd4 Ngf6 7. Nc3 g6 8.
O-O Bg7 9. h3 O-O 10. a4 a6 11.
a5 Rc8 12. Rd1 Qc7 13. Bd2 Nc5 14. Qe3 Rfd8 15. Rac1 e6 16. b4 Ncd7 17. Ne2 d5 18. exd5 Nxd5 19. Qb3 Qc4 20. Qxc4 Rxc4 21. c3 Rdc8 22.
Be1 Ne5 23. Nd2 R4c7 24. Ne4 Nc4 25. Nc5 Bf8 26. Na4 Nd6 27. Nd4 Bh6 28. Rb1 Bg7 29. Nb6 Nxb6 30. axb6 Rd7 31. b5 a5 32. Rbc1 Nc4 33.
Nf3 Rxd1 34. Rxd1 a4 35. Ra1 a3 36. Nd2 Bxc3 37. Nxc4 Bxa1 38. Nd6 Rc1 0-1

[Event "Early-Titled-Tuesday-Blitz-February-20-2024"]
[Site "Chess.com"]
[Date "2024.02.20"]
[Round "9"]
[White "IMRosen"]
[Black "GM_Huschenbeth"]
[Result "1-0"]
[WhiteElo "2670"]
[BlackElo "2506"]
[TimeControl "180+1"]
[EndTime "9:45:21 PST"]
[Termination "IMRosen won on time"]

1. e4 c5 2. Nc3 d6 3. f4 g6 4. Nf3 Bg7 5. Bc4 Nc6 6. O-O e6 7. d4 Nxd4 8. Be3 Nxf3+ 9. Qxf3 Ne7 10. f5 gxf5 11. exf5 exf5 12. Bg5 Be5 13. Nd5 Be6 14.
Bb5+ Kf8 15. Bxe7+ Qxe7 16. Nxe7 Kxe7 17. Qxb7+ Kf6 18. Bd3 Rhg8 19. Bxf5 Bxf5 20. Qe4 1-0

[Event "Early-Titled-Tuesday-Blitz-February-20-2024"]
[Site "Chess.com"]
[Date "2024.02.20"]
[Round "9"]
[White "kleopl"]
[Black "Chesstiger64"]
[Result "1-0"]
[WhiteElo "2515"]
[BlackElo "2314"]
[TimeControl "180+1"]
[EndTime "9:45:22 PST"]
[Termination "kleopl won by resignation"]

1. e4 e6 2. d4 d5 3. Nd2 c5 4. exd5 Qxd5 5. Ngf3 cxd4 6. Bc4 Qd8 7.
O-O Qc7 8. Nxd4 Bd7 9. Re1 Nf6 10. b3 Nc6 11. Nf5 g6 12. Bb2 gxf5 13. Bxf6 Rg8 14. Qh5 Rg6 15. Bh4 Bd6 16. Qxh7 Ne7 17. Nf3 Bc6 18.
Ng5 Rxg5 19. Bxg5 b5 20. Bf1 Kd7 21. Rad1 Rg8 22. Bxe7 Kxe7 23. Qxg8 Bxh2+ 24. Kh1 Be5 25. c4 b4 26. c5 Kf6 27. Qh8+ Kg5 28. Qxe5 Qc8 29. Qg3+ Kf6 30. Rd6 Qh8+ 31. Kg1 Qh3 32. gxh3 1-0

[Event "Early-Titled-Tuesday-Blitz-February-20-2024"]
[Site "Chess.com"]
[Date "2024.02.20"]
[Round "9"]
[White "ansko1999"]
[Black "Colombiano07"]
[Result "1-0"]
[WhiteElo "2702"]
[BlackElo "2464"]
[TimeControl "180+1"]
[EndTime "9:45:25 PST"]
[Termination "ansko1999 won by resignation"]

1. Nf3 d5 2. e3 Nf6 3. c4 e6 4. d4 Be7 5. Nc3 O-O 6. Bd2 a6 7. Rc1 dxc4 8. Bxc4 b5 9. Be2 Bb7 10. O-O Nbd7 11. a4 b4 12. Nb1 a5 13. Be1 c5 14.
Nbd2 cxd4 15. Nxd4 Rc8 16. Nc4 Nd5 17. Nb5 Bc6 18.
Nbd6 Ra8 19. Bd2 N7b6 20. Nb5 Qb8 21. e4 Nxa4 22. Nd4 Be8 23. exd5 exd5 24. Ne3 Nxb2 25. Qc2 Nc4 26. Nxd5 Nxd2 27. Nxe7+ 1-0

[Event "Early-Titled-Tuesday-Blitz-February-20-2024"]
[Site "Chess.com"]
[Date "2024.02.20"]
[Round "9"]
[White "ARMQUEEN"]
[Black "waspofborneo"]
[Result "1-0"]
[WhiteElo "2480"]
[BlackElo "2254"]
[TimeControl "180+1"]
[EndTime "9:45:28 PST"]
[Termination "ARMQUEEN won by resignation"]

1. e4 a6 2. a4 e5 3. Nf3 Nc6 4. Bc4 Bc5 5. O-O Nf6 6. c3 O-O 7. d4 exd4 8. cxd4 Bb6 9. e5 Ne8 10. d5 Na5 11. Bd3 d6 12. b4 dxe5 13. bxa5 Bxa5 14.
Nxe5 Kh8 15. Qh5 g6 16. Bxg6 Nf6 17. Qh6 fxg6 18. Nxg6+ Kg8 19. Nxf8 Qxf8 20. Qh4 Bf5 21. Bb2 Ne4 22. Na3 Bg6 23. Nc4 Bc3 24. Bxc3 Nxc3 25. Ne5 Ne2+ 26. Kh1 Qd6 27. Nxg6 hxg6 28. Rae1 Nf4 29.
Re4 Nxd5 30. Rfe1 Rf8 31. Re6 Rf4 32. Rxd6 1-0

[Event "Early-Titled-Tuesday-Blitz-February-20-2024"]
[Site "Chess.com"]
[Date "2024.02.20"]
[Round "9"]
[White "Magic-Nelwyn"]
[Black "chess94cu"]
[Result "0-1"]
[WhiteElo "2486"]
[BlackElo "2666"]
[TimeControl "180+1"]
[EndTime "9:45:36 PST"]
[Termination "chess94cu won by resignation"]

1. e4 c6 2. Nf3 d5 3. Nc3 Bg4 4. Be2 e6 5. O-O Nd7 6. d4 dxe4 7. Nxe4 Ngf6 8. Ng3 Bd6 9. h3 Bxf3 10. Bxf3 Qc7 11.
Ne4 Nxe4 12. Bxe4 Nf6 13. Bd3 Bf4 14. c3 h6 15. Qf3 Bxc1 16. Raxc1 O-O 17. Rcd1 Rfd8 18.
Bc2 Rd7 19. Rfe1 Rad8 20. Bb3 c5 21. dxc5 Qxc5 22. Rxd7 Rxd7 23. Rd1 Rxd1+ 24. Bxd1 b5 25. Qa8+ Kh7 26. Bc2+ g6 27. Qf3 Kg7 28. g3 h5 29.
Bb3 Qg5 30. Kh2 h4 31. g4 a5 32. a4 Qe5+ 33. Kg2 bxa4 34. Bxa4 Nd5 35. Bb3 Nf4+ 36.
Kf1 g5 37. Bc2 Qb5+ 0-1

[Event "Early-Titled-Tuesday-Blitz-February-20-2024"]
[Site "Chess.com"]
[Date "2024.02.20"]
[Round "9"]
[White "Zavgorodniy_Sergiy"]
[Black "RobertoJBM"]
[Result "1/2-1/2"]
[WhiteElo "2617"]
[BlackElo "2805"]
[TimeControl "180+1"]
[EndTime "9:45:38 PST"]
[Termination "Game drawn by repetition"]

1. d4 d5 2. c4 c6 3. e3 Bf5 4. Bd3 Bxd3 5. Qxd3 e6 6. Nd2 Nf6 7. Ngf3 Nbd7 8. O-O Be7 9. e4 dxe4 10. Nxe4 O-O 11.
b3 Nxe4 12. Qxe4 Bf6 13. Bb2 a5 14. Rad1 Re8 15. Ne5 a4 16. Qc2 axb3 17. axb3 Qc7 18. Rfe1 Rad8 19. Nf3 Qd6 20. Bc3 Ra8 21. Ra1 b5 22. h3 bxc4 23. bxc4 Reb8 24. Reb1 h6 25. Rxb8+ Qxb8 26. Rxa8 Qxa8 27. Qb3 c5 28. Qb5 Qc8 29. g3 h5 30. h4 cxd4 31. Bxd4 Bxd4 32. Nxd4 g6 33.
Nc6 Qc7 34. c5 Kg7 35. Kg2 e5 36. Kg1 Kf6 37. Kg2 Kg7 38. Kg1 Kf8 39. Kg2 Kg7 1/2-1/2

[Event "Early-Titled-Tuesday-Blitz-February-20-2024"]
[Site "Chess.com"]
[Date "2024.02.20"]
[Round "9"]
[White "Perecke"]
[Black "arnash_bauyrzhan"]
[Result "1-0"]
[WhiteElo "2492"]
[BlackElo "2258"]
[TimeControl "180+1"]
[EndTime "9:45:40 PST"]
[Termination "Perecke won by resignation"]

1. d4 d5 2. Nf3 Nf6 3. b3 e6 4. e3 Be7 5. Bb2 O-O 6. Bd3 b6 7. Ne5 Bb7 8. O-O Nbd7 9. f4 c5 10. Nxd7 Qxd7 11. dxc5 bxc5 12. Nd2 Rfd8 13. Nf3 Qd6 14.
Ne5 Qb6 15. Rf3 d4 16. Rh3 dxe3 17. Bxh7+ Nxh7 18. Qh5 Bf6 19. Qxf7+ 1-0

[Event "Early-Titled-Tuesday-Blitz-February-20-2024"]
[Site "Chess.com"]
[Date "2024.02.20"]
[Round "9"]
[White "zurzan"]
[Black "pfalcon1949"]
[Result "0-1"]
[WhiteElo "2071"]
[BlackElo "2007"]
[TimeControl "180+1"]
[EndTime "9:45:46 PST"]
[Termination "pfalcon1949 won by checkmate"]

1. c4 Nf6 2. Nc3 c5 3. e4 d6 4. d3 g6 5. Nge2 Bg7 6. g3 O-O 7. Bg2 Nc6 8. O-O Bd7 9. h3 Ne8 10. f4 Nc7 11. f5 a6 12. g4 b5 13. cxb5 axb5 14. Bf4 b4 15. Nd5 Nxd5 16. exd5 Ne5 17. a3 bxa3 18. Rxa3 Rxa3 19. bxa3 Qa5 20. Qb3 Qa7 21.
Kh2 Rc8 22. Rb1 c4 23. dxc4 Qf2 24. Qe3 Qxe3 25. Bxe3 Nxc4 26. Bd4 Nxa3 27. Rb7 Bxd4 28. Nxd4 Ba4 29. Ra7 Rc4 30. Nc6 Bxc6 31. dxc6 Nb5 32. Rxe7 Kg7 33. fxg6 hxg6 34. g5 Rc5 35. Rb7 Kf8 36.
h4 Ke8 37. Kg3 Rc3+ 38. Kf4 Nd4 39. Rb8+ Ke7 40. Rb7+ Ke6 41. Rb6 Ne2+ 42. Kg4 Rg3# 0-1

[Event "Early-Titled-Tuesday-Blitz-February-20-2024"]
[Site "Chess.com"]
[Date "2024.02.20"]
[Round "9"]
[White "fighter2jz"]
[Black "sergoy"]
[Result "1/2-1/2"]
[WhiteElo "2818"]
[BlackElo "2998"]
[TimeControl "180+1"]
[EndTime "9:45:50 PST"]
[Termination "Game drawn by repetition"]

1. e4 c5 2. Nf3 e6 3. d4 cxd4 4. Nxd4 a6 5. c4 Nf6 6. Nc3 Bb4 7. Qd3 O-O 8. Be2 d6 9. O-O Nbd7 10. f3 Qc7 11. a3 Ne5 12. Qc2 Bc5 13. Be3 Nxc4 14. Bxc4 Bxd4 15. Bxd4 Qxc4 16. Bxf6 gxf6 17. Qd2 Qc5+ 18.
Kh1 Bd7 19. Rac1 Qh5 20. f4 Bc6 21. Rf3 Kh8 22. Qd4 Qh6 23. Rcf1 Rg8 24. Rh3 Qg7 25. Rg3 Qh6 26. Rh3 Qg7 27. Rg3 Qh6 28. Rh3 1/2-1/2

[Event "Early-Titled-Tuesday-Blitz-February-20-2024"]
[Site "Chess.com"]
[Date "2024.02.20"]
[Round "9"]
[White "UnTucopalaTimba"]
[Black "campochess"]
[Result "0-1"]
[WhiteElo "1986"]
[BlackElo "2142"]
[TimeControl "180+1"]
[EndTime "9:45:52 PST"]
[Termination "campochess won by resignation"]

1. e4 c5 2. Nf3 Nc6 3. d4 cxd4 4.
Nxd4 Qb6 5. c3 Nf6 6. f3 d5 7.
exd5 Nxd4 8. cxd4 Nxd5 9. Be2 e6 10. O-O Bd6 11. Nc3 Nxc3 12. bxc3 O-O 13. Qc2 e5 14. Be3 Qc7 15. dxe5 Bxe5 16. g3 Qxc3 17. Qxc3 Bxc3 18.
Rac1 Bf6 19. Rfd1 Be6 20. Rc7 Rfe8 21. Bb5 Rec8 22. Rxb7 Bxa2 23. Ba6 Rc3 24. Kf2 h6 25. Rxa7 Rxa7 26. Bxa7 Ra3 27. Rd6 Be6 28. Be3 Ra2+ 29. Kg1 Ra3 30. Kf2 Ra2+ 31. Kg1 Be5 32. Rd8+ Kh7 33.
Bd3+ g6 34. f4 Bf6 35. Rb8 Ra3 36. f5 gxf5 0-1

[Event "Early-Titled-Tuesday-Blitz-February-20-2024"]
[Site "Chess.com"]
[Date "2024.02.20"]
[Round "9"]
[White "Heinza9"]
[Black "DvaHrasta"]
[Result "0-1"]
[WhiteElo "2327"]
[BlackElo "2525"]
[TimeControl "180+1"]
[EndTime "9:45:53 PST"]
[Termination "DvaHrasta won on time"]

1. e4 c6 2. d4 d5 3. exd5 cxd5 4. c4 Nf6 5. Nc3 Nc6 6. Bg5 dxc4 7. Bxc4 e6 8. Nf3 Be7 9. O-O O-O 10. a3 a6 11.
Qd3 b5 12. Bb3 Bb7 13. Bc2 g6 14. Rad1 Rc8 15. Ne5 Na5 16. Qh3 Nc4 17. Nxc4 Rxc4 18. Qh4 Nd5 19. Bxe7 Qxe7 20. Qg3 Nxc3 21. bxc3 Qxa3 22.
h4 Qxc3 23. Bd3 Rxd4 24. h5 Rfd8 25. hxg6 hxg6 26. Qe5 Qc6 0-1

[Event "Early-Titled-Tuesday-Blitz-February-20-2024"]
[Site "Chess.com"]
[Date "2024.02.20"]
[Round "9"]
[White "chessdjw"]
[Black "Yeritsyaan"]
[Result "1-0"]
[WhiteElo "2753"]
[BlackElo "2611"]
[TimeControl "180+1"]
[EndTime "9:45:56 PST"]
[Termination "chessdjw won by checkmate"]

1. d4 Nf6 2. c4 c5 3. d5 b5 4. cxb5 e6 5. Nc3 exd5 6. Nxd5 Be7 7. Nf3 O-O 8. e4 Bb7 9. Bc4 Nxe4 10. O-O Nf6 11. Nxe7+ Qxe7 12. Re1 Qd8 13. Qd6 Ne4 14. Rxe4 Bxe4 15. Ng5 Bb7 16. Bf4 a6 17. Qd3 g6 18.
Nxh7 axb5 19. Qxg6+ Kh8 20. Be5+ f6 21. Nxf6 d6 22.
Qh7# 1-0

[Event "Early-Titled-Tuesday-Blitz-February-20-2024"]
[Site "Chess.com"]
[Date "2024.02.20"]
[Round "9"]
[White "lachesisQ"]
[Black "Bauman_Guy"]
[Result "1-0"]
[WhiteElo "3051"]
[BlackElo "2917"]
[TimeControl "180+1"]
[EndTime "9:45:58 PST"]
[Termination "lachesisQ won by resignation"]

1. e4 c5 2. Nf3 d6 3. d4 Nf6 4. Nc3 cxd4 5. Nxd4 a6 6. Bg5 Nbd7 7. Qf3 Qa5 8. h4 h6 9. Bd2 g6 10. O-O-O Bg7 11.
Kb1 O-O 12. Qe2 Qc7 13. g4 h5 14. gxh5 Nxh5 15. Nd5 Qd8 16. Bg5 Ndf6 17. Rg1 Nxd5 18. exd5 Qb6 19. c3 a5 20. Bg2 a4 21. Bf3 a3 22. Bxh5 gxh5 23. b3 Bg4 24. Rxg4 hxg4 25.
Nf5 f6 26. Bh6 Bxh6 27. Qxg4+ Kh8 28. Qh5 1-0